 Dungeon Sprint DCSS version 0.27-a0-1177-g245c70e1c0 (webtiles) character file.

Game seed: 5070574516836836523

47 mhtbhm the Digger (level 3, -1/19 HPs)
             Began as a Gargoyle Earth Elementalist on May 16, 2021.
             Slain by a wolf (10 damage)
             ... in the Dungeon (Sprint III: "The Ten Rune Challenge").
             The game lasted 00:00:56 (419 turns).

mhtbhm the Digger (Gargoyle Earth Elementalist)      Turns: 419, Time: 00:00:57

Health: -1/19      AC:  5    Str: 11    XL:     3   Next: 70%
Magic:  6/8        EV: 12    Int: 16    God:
Gold:   0          SH:  0    Dex: 10    Spells: 3/9 levels left

rFire    . . .     SeeInvis .   (no weapon)
rCold    . . .     Faith    .   (no shield)
rNeg     + . .     Spirit   .   c - +0 robe
rPois    ∞         Reflect  .   (no helmet)
rElec    +         Harm     .   (no cloak)
rCorr    .         Rampage  .   (no gloves)
Will     .....     NoTele   +   (no boots)
Stlth    ++........             (no amulet)
HPRegen  0.06/turn              (no ring)
MPRegen  0.11/turn              (no ring)

@: no status effects
A: sickness immunity, AC +3, negative energy resistance 1, electricity
resistance, torment resistance 1, petrification resistance
a: no special abilities


You were in the Dungeon.
You visited 1 branch

Inventory:

Missiles
 b - 18 stones
Armour
 c - a +0 robe (worn)
Scrolls
 i - a scroll of blinking
Potions
 a - a potion of cancellation {unknown}
 d - a potion of curing
 e - a potion of heal wounds
 f - a potion of haste
 g - 2 potions of magic
 h - a potion of berserk rage


   Skills:
 + Level 2.3 Dodging
 + Level 3.6 Stealth
 + Level 3.6 Spellcasting
 + Level 1.2 Transmutations
 + Level 6.8 Earth Magic


You had 3 spell levels left.
You knew the following spells:

 Your Spells              Type           Power      Damage    Failure   Level
a - Sandblast             Erth           48%        2d12      1%          1
b - Passwall              Tmut/Erth      12%        N/A       4%          2
c - Stone Arrow           Conj/Erth      26%        3d8       13%         3

Your spell library contained the following spells:

 Spells                   Type           Power      Damage    Failure   Level
 Lee's Rapid Deconstruct  Erth           12%        3d9*      28%         5
 Petrify                  Tmut/Erth      15%        N/A       32%         4


Dungeon Overview and Level Annotations

Branches:
Dungeon (1/1)

Altars:


Innate Abilities, Weirdness & Mutations

You are immune to sickness and miasma.
Your stone body is resilient. (AC +3)
You are immune to poison.
You resist negative energy. (rN+)
You are resistant to electric shocks. (rElec)
You are resistant to unholy torment.
You are immune to petrification.


Message History

There is an open door here.
There is an open door here.
Casting: Sandblast (safe; 1% risk of failure)
Confirm with . or Enter, or press ? or * to list all spells.
Aiming: Sandblast (safe; 1% risk of failure)
Press: ? - help, Shift-Dir - straight line, f/p - human
Aim: a human (almost dead, 73% to hit)
The blast of sand hits the human!
You kill the human!
Unknown command.
Unknown command.
You start resting.
You start resting.
You start resting.
HP restored.
You aren't carrying any pieces of jewellery.
Unknown command.
Magic restored.
There is an open door here.
A wolf comes into view.
Unknown command.
Casting: Sandblast (safe; 1% risk of failure)
Confirm with . or Enter, or press ? or * to list all spells.
Aiming: Sandblast (safe; 1% risk of failure)
Press: ? - help, Shift-Dir - straight line, f - wolf
Aim: a wolf (68% to hit)
The blast of sand hits the wolf.
The wolf is moderately wounded.
The wolf bites you!
Unknown command.
Casting: Sandblast (safe; 1% risk of failure)
Confirm with . or Enter, or press ? or * to list all spells.
Aiming: Sandblast (safe; 1% risk of failure)
Press: ? - help, Shift-Dir - straight line, f/p - wolf
Aim: a wolf (moderately wounded, 68% to hit)
The blast of sand hits the wolf.
The wolf is almost dead.
The wolf bites you. The wolf bites you!
Ouch! That really hurt!
You die...

▓▓▓▓ ▓▓▓▓▓ ▓<.#
+...♣♣ ♣ ▓..#
#....♣.♣
▓#'####....♣.♣
▓.....#....≈♣
▓.....#...≈≈♣♣♣...#
▓....)#h.≈≈≈≈...♣.+
▓####'#@.≈≈≈≈≈≈♣..#
▓.....#.≈≈≈≈≈≈....#
▓.).÷.#.≈≈≈≈≈.....#
▓.....#.≈≈≈.......#
▓'#####...........#
▓.................#
▓▓▓▓▓▓▓▓▓▓▓▓▓▓▓▓▓▓▓


You could see a wolf.

Vanquished Creatures
  Jessica (D)
  A human (D)
  2 endoplasms (D)
  A rat (D)
5 creatures vanquished.

Vanquished Creatures (others)
  4 plants (D)
4 creatures vanquished.

Grand Total: 9 creatures vanquished

Notes
Turn   | Place    | Note
-------+----------+-------------------------------------------
     0 | D        | mhtbhm the Gargoyle Earth Elementalist began the quest for
                  | the Orb.
     0 | D        | Reached XP level 1. HP: 10/10 MP: 3/3
     4 | D        | Reached skill level 4 in Earth Magic
   182 | D        | Noticed Jessica
   183 | D        | Killed Jessica
   184 | D        | Reached skill level 1 in Transmutations
   184 | D        | Reached skill level 6 in Earth Magic
   184 | D        | Reached XP level 2. HP: 15/15 MP: 1/6
   184 | D        | Reached XP level 3. HP: 19/19 MP: 1/7
   292 | D        | Learned a level 2 spell: Passwall
   296 | D        | Learned a level 3 spell: Stone Arrow
   419 | D        | Slain by a wolf

Illustrated notes

Levels and vault maps discovered:
D:        dungeon_sprint_mu [sprint_mu_entry_forest, sprint_mu_temple_rooms,
          sprint_mu_d1_horrors, sprint_mu_d2_genie, sprint_mu_d3_branching,
          sprint_mu_orc_legion, sprint_mu_elf_gauntlet, sprint_mu_hive_nellie,
          sprint_mu_lair_fedhas, sprint_mu_vaults_butterflies,
          sprint_mu_slime_circle, sprint_mu_swamp_cave, sprint_mu_shoals_kraken,
          sprint_mu_blade_basic, sprint_mu_crypt_chambers,
          sprint_mu_tomb_spiral, sprint_mu_vestibule_basic,
          sprint_mu_gehenna_hellfire, sprint_mu_dis_giant,
          sprint_mu_tartarus_statrot, sprint_mu_cocytus_islands, sprint_mu_zot1]

Skill      XL: |  1 |
---------------+----+-----
Earth Magic    | 6 |  6.8
Stealth        | 3 |  3.6
Dodging        | 2 |  2.3
Spellcasting   | 3 |  3.6
Transmutations | 1 |  1.2

Action                   || total
-------------------------++-------
 Cast: Sandblast         ||    12
       Stone Arrow       ||     1
Dodge: Dodged            ||     2

Table legend: (Time is in decaauts)
 A = Elapsed time spent in this place.
 B = Non-inter-level travel time spent in this place.
 C = Inter-level travel time spent in this place.
 D = Time resting spent in this place.
 E = Time spent auto-exploring this place.
 F = Levels seen in this place.
 G = Mean time per level.
                   A        B        C        D        E       F      G
               +--------+--------+--------+--------+--------+-----+--------+
         Total |    419 |    419 |      0 |    332 |     14 |   1 |  419.0 |
       Dungeon |    419 |    419 |      0 |    332 |     14 |   1 |  419.0 |
               +--------+--------+--------+--------+--------+-----+--------+

Top non-repeatable levels by time:
       D: 419 daAuts
